 Dungeon Crawl Stone Soup version 0.25-a0-578-gc91f01c (webtiles) character file.

Game seed: 13446479176668133010, levelgen mode: deterministic

2 15 the Ruffian (level 1, 16/16 HPs)
             Began as a Draconian Transmuter on Mar 4, 2020.
             Quit the game on level 1 of the Dungeon.
             The game lasted 00:00:29 (303 turns).

15 the Ruffian (Draconian Transmuter)                Turns: 303, Time: 00:00:29

Health: 16/16      AC:  4    Str: 12    XL:     1   Next: 33%
Magic:  3/3        EV: 12    Int: 13    God:
Gold:   31         SH:  0    Dex: 11    Spells: 3/4 levels left

rFire    . . .     SeeInvis .     - Unarmed
rCold    . . .     Gourm    .   (no shield)
rNeg     . . .     Faith    .   (armour unavailable)
rPois    .         Spirit   .   (helmet restricted)
rElec    .         Reflect  .   (no cloak)
rCorr    .         Harm     .   (no gloves)
MR       .....                  (no boots)
Stlth    +.........             (no amulet)
HPRegen  0.05/turn              (no ring)
MPRegen  0.08/turn              (no ring)

@: no status effects
A: unfitting armour, cold-blooded, AC +4
a: no special abilities


You were on level 1 of the Dungeon.
You were not hungry.

You visited 1 branch of the dungeon, and saw 1 of its levels.

You collected 31 gold pieces.

Inventory:

Hand Weapons
 f - a +1 short sword of flaming
Missiles
 a - 12 arrows
Scrolls
 d - a scroll of amnesia {unknown}
 e - a scroll of enchant armour {unknown}
Comestibles
 b - a chunk of flesh
 c - a ration


   Skills:
 + Level 1.1 Fighting
 + Level 1.7 Dodging
 + Level 3.1 Unarmed Combat
 + Level 2.0 Spellcasting
 + Level 2.0 Transmutations


You had 3 spell levels left.
You knew the following spells:

 Your Spells              Type           Power        Failure   Level  Hunger
a - Beastly Appendage     Tmut           #.....       11%         1    ##.....

Your spell library contained the following spells:

 Spells                   Type           Power        Failure   Level  Hunger
 Sticks to Snakes         Tmut           #.......     17%         2    ###....
 Spider Form              Tmut/Pois      #.........   45%         3    ####...
 Ice Form                 Ice/Tmut       #.......     86%         4    #####..
 Blade Hands              Tmut           #.........   97%         5    ######.


Dungeon Overview and Level Annotations

Branches:
Dungeon (1/15)

Altars:


Innate Abilities, Weirdness & Mutations

Your plain brown scales are hard. (AC +4)
You cannot fit into any form of body armour.
You are cold-blooded and may be slowed by cold attacks.


Message History

Found a ring mail and 9 stones.
A frilled lizard is nearby!
Found a stone staircase leading down.
The frilled lizard bites you but does no damage.
You miss the frilled lizard. You miss the frilled lizard.
The frilled lizard closely misses you.
You closely miss the frilled lizard.
The frilled lizard bites you but does no damage.
You hit the frilled lizard.
You kill the frilled lizard!
Found a fuming golden potion.
You see here a frilled lizard corpse.
You see here a ring mail.
You see here a frilled lizard corpse.
You butcher the frilled lizard corpse.
b - a chunk of flesh You see here a frilled lizard skeleton.
A kobold comes into view. It is wielding a +0 short sword.
You see here a fuming golden potion.
Are you sure you want to abandon this character and quit the game? (Confirm with "yes".)

.. ...... ..# ..
.....K ..# ....
...... #.# ....
......###.# ....
..........## ......
...........# .(....
#........# ..# #.
#....@...#+#####.#
#
#####............#
# #............##
##
#.............###.
#......[รท.........
##...#>..##.......
#...#...##.......
#...#...###......
#...#...# #......


You could see a kobold (sleeping).

Vanquished Creatures
  A kobold (D:1)
  A frilled lizard (D:1)
  A rat (D:1)
3 creatures vanquished.

Notes
Turn   | Place    | Note
-------+----------+-------------------------------------------
     0 | D:1      | 15 the Draconian Transmuter began the quest for the Orb.
     0 | D:1      | Reached XP level 1. HP: 16/16 MP: 3/3
   303 | D:1      | Quit the game

Levels and vault maps discovered:
D:1:      minmay_arrival_four_circles, layout_basic

Action                   || total
-------------------------++-------
Melee: Unarmed           ||    10
       Tailslap          ||     1
 Cast: Beastly Appendage ||     2
Armor: Skin              ||     4
Dodge: Dodged            ||     5

Table legend:
 A = Non-vault XP
 B = Vault XP
 C = Vault XP percentage of total XP
 D = Non-vault monster count
 E = Vault monster count
 F = Vault count percentage of total count
                 A         B        C        D         E       F
            +---------+---------+-------+---------+---------+-------
      Total |       4 |       0 |   0.0 |       3 |       0 |   0.0
            +---------+---------+-------+---------+---------+-------
        D:1 |       4 |       0 |   0.0 |       3 |       0 |   0.0
            +---------+---------+-------+---------+---------+-------
